 Dungeon Crawl Stone Soup version 0.28.0-45-g0d030f2227 (webtiles) character file.

Game seed: 7260722964840850789

9056 DearestLeader the Blocker (level 11, -2/89 HPs)
             Began as a Gnoll Fighter on Apr 6, 2022.
             Was a Plaything of Xom.
             Engulfed by a blizzard demon's freezing vapour (13 damage)
             ... in a Gauntlet.
             The game lasted 00:15:52 (11032 turns).

DearestLeader the Blocker (Gnoll Fighter)          Turns: 11032, Time: 00:15:52

Health: -2/89      AC: 10    Str: 20    XL:     11   Next: 40%
Magic:  20/20      EV: 18    Int:  7    God:    Xom [......]
Gold:   1007       SH:  6    Dex: 16    Spells: 22/22 levels left

rFire   . . .      SeeInvis .   s - +7 Throatcutter {drain, coup de grace}
rCold   . . .      Faith    .   c - +0 buckler
rNeg    . . .      Spirit   .   t - +2 leather armour {Will+}
rPois   .          Reflect  .   L - +1 hat
rElec   .          Harm     .   p - +0 cloak
rCorr   .          Rampage  .   (no gloves)
Will    +....      NoTele   +   O - +0 pair of boots
Stlth   +++.......              (no amulet)
HPRegen 0.24/turn               d - +4 ring of slaying
MPRegen 0.17/turn               w - +4 ring of evasion

@: hasted, unable to read, very quick
A: fangs 1, strong nose, distributed training, horns 2, agile 2, inability to
read while threatened, sturdy frame 1
a: Renounce Religion


You were in a Gauntlet.
You worshipped Xom.
You were a very special plaything of Xom.
You visited 2 branches of the dungeon, and saw 11 of its levels.
You also visited: Gauntlet.

You collected 1007 gold pieces.

Inventory:

Hand Weapons
 s - the +7 Throatcutter (weapon) {drain, coup de grace}
   (You found it on level 4 of the Dungeon)

   A truly terrible weapon, it drains the life of any living foe it strikes.
   It may instantly kill foes which have little health.
 y - a +3 antimagic war axe
 G - a +3 flail of draining
Missiles
 j - 22 poisoned darts (quivered)
 r - 10 atropa-tipped darts
Armour
 b - a +0 scale mail
 c - a +0 buckler (worn)
 p - a +0 cloak (worn)
 t - a +2 leather armour of willpower (worn)
 L - a +1 hat (worn)
 M - +0 steam dragon scales
 O - a +0 pair of boots (worn)
 P - a +2 helmet of intelligence
Jewellery
 d - a +4 ring of slaying (left hand)
 v - a ring of poison resistance
 w - a +4 ring of evasion (right hand)
 C - a ring of fire
 E - a ring of protection from cold
Wands
 a - a wand of flame (50)
 D - a wand of iceblast (6)
 I - a wand of paralysis (19)
 K - a wand of polymorph (10)
Scrolls
 e - a scroll of enchant armour
 f - a scroll of silence
 g - 2 scrolls of fear
 h - 2 scrolls of summoning
 i - 2 scrolls of blinking
 l - a scroll of fog
 m - a scroll of magic mapping
 q - 4 scrolls of noise
 u - a scroll of enchant weapon
 H - 2 scrolls of vulnerability
Potions
 k - 2 potions of lignification
 n - 3 potions of haste
 x - 2 potions of ambrosia {unknown}
 z - a potion of flight {unknown}
 A - a potion of heal wounds
 B - a potion of berserk rage {unknown}
 F - a potion of cancellation {unknown}
 N - 3 potions of curing


   Skills:
 + Level 9.1 Fighting
 + Level 6.2 Short Blades
 + Level 6.2 Long Blades
 + Level 7.8 Axes
 + Level 6.2 Maces & Flails
 + Level 6.2 Polearms
 + Level 6.2 Staves
 + Level 6.2 Slings
 + Level 6.2 Bows
 + Level 6.2 Crossbows
 + Level 6.2 Throwing
 + Level 9.1 Armour
 + Level 6.2 Dodging
 + Level 6.2 Stealth
 + Level 9.1 Shields
 + Level 6.2 Unarmed Combat
 + Level 6.2 Spellcasting
 + Level 5.2 Conjurations
 + Level 5.2 Hexes
 + Level 5.2 Summonings
 + Level 5.2 Necromancy
 + Level 5.2 Translocations
 + Level 5.2 Transmutations
 + Level 5.2 Fire Magic
 + Level 5.2 Ice Magic
 + Level 5.2 Air Magic
 + Level 5.2 Earth Magic
 + Level 5.2 Poison Magic
 + Level 6.9 Invocations
 + Level 6.2 Evocations


You had 22 spell levels left.
You didn't know any spells.
Your spell library contained the following spells:

 Spells                   Type           Power      Damage    Failure   Level
 Ensorcelled Hibernation  Hex/Ice        18%        N/A       5%          2
 Spider Form              Tmut/Pois      9%         N/A       11%         3
 Anguish                  Hex/Necr       4%         N/A       36%         4
 Animate Dead             Necr           4%         N/A       36%         4
 Borgnjor's Vile Clutch   Necr/Erth      4%         N/A       71%         5
 Fireball                 Conj/Fire      4%         3d4       71%         5
 Death Channel            Necr           4%         N/A       99%         6
 Starburst                Conj/Fire      4%         6d4       99%         6
 Ignition                 Fire           4%         3d4       100%        8


Dungeon Overview and Level Annotations

Branches:
Dungeon (10/15)            Temple (0/1) D:4            Lair (1/6) D:8
Gauntlet (1/1)
    Orc: D:9-12

Altars:
Ashenzari
Dithmenos
Kikubaaqudgha
Nemelex Xobeh
Qazlal
Ru
Trog
Vehumet
Xom
Yredelemnul

Annotations:
D:6 2 runed translucent doors, 2 transporters, Bruhh's ghost, novice HOFi Gauntlet 7 transporters, exclusion: orange crystal statue


Innate Abilities, Weirdness & Mutations

You have very sharp teeth.
Your uncanny sense of smell can sniff out nearby items.
Your experience applies equally to all skills.
You have a pair of horns on your head.
You are very agile. (Dex +4)
You sometimes lose the ability to read scrolls when taking damage.
Your movements are slightly less encumbered by armour. (ER -2)


Message History

You kill the ice devil!
Xom smirks.
You feel aware of your surroundings. You block the blizzard demon's attack.
The blizzard demon hits you.
Unknown command.
You feel much better. "See what I see, my child!"
You feel aware of your surroundings.
You are now a very special plaything of Xom.
You slash the blizzard demon! You bite the blizzard demon.
The blizzard demon is moderately wounded.
The blizzard demon hits you! You block the blizzard demon's attack.
You hit the blizzard demon.
Your headbutt misses the blizzard demon.
The blizzard demon is moderately wounded.
The blizzard demon gestures at you. The bolt of lightning hits you!
You hit the blizzard demon.
The blizzard demon is moderately wounded.
You slash the blizzard demon!
The blizzard demon is heavily wounded.
The blizzard demon gestures at you. The freezing blast misses you.
You hit the blizzard demon but do no damage.
You bite the blizzard demon, but do no damage.
The blizzard demon is heavily wounded.
You are engulfed in freezing vapours.
The blizzard demon is engulfed in freezing vapours.
You block the blizzard demon's attack. The blizzard demon hits you.
You hit the blizzard demon but do no damage.
The blizzard demon is heavily wounded.
You are engulfed in freezing vapours.
* * * LOW HITPOINT WARNING * * *
The blizzard demon is engulfed in freezing vapours.
The blizzard demon waves its arms in wide circles.
The air twists around and strikes you!
* * * LOW HITPOINT WARNING * * *
You are engulfed in freezing vapours.
You die...
Xom giggles madly!

##########################
.........≈∩§............≈###
............§............#8#
#########...###########..###
..[©}}..#...#../!©[...#..#
##.8.##.#...#.^##.##^.#..###
#.#*#.#.#...#.##°2○##.#..#8#
.##.##..#...#.#.○○○°#^#..###
...©....#...#...@○○...#..#
.##.##..#...#^#.....#.#..###
#.###.#.#...#.##...##.#..#8#
##...##.#...#.^##^##^.#..###
........#...#.........#..#
#########...###########..###
.#.©.#....≈....#.©.#.....#8#
.#...#...§8≈...#...#.8...###
.#.©.#....≈....#.©.#.....#


You could see a blizzard demon.

Vanquished Creatures
  A two-headed ogre (D:8)
  A necromancer (Gauntlet)
  A komodo dragon (D:8)
  An ice devil (Gauntlet)
  3 centaur simulacra (Gauntlet)
  Sigmund (D:3)
  3 yaks (D:6)
  Eustachio (D:4)
  A wraith (D:9)
  3 wyverns
  Grum (D:8)
  A basilisk (D:8)
  Edmund (D:6)
  A steam dragon (D:9)
  4 vampire mosquitoes (D:8)
  Menkaure (D:4)
  2 water moccasins
  Duvessa (D:4)
  A hornet zombie (D:9)
  2 sky beasts
  2 orc warriors
  A swamp drake (D:8)
  An ogre (D:6)
  4 black bears
  2 necrophages
  An ice dragon simulacrum (Gauntlet)
  12 wolves
  A phantom (D:5)
  A bullfrog (D:9)
  Blork the orc (D:6)
  2 scorpions
  A water moccasin zombie (D:3)
  A wyvern skeleton (D:5)
  Dowan (D:4)
  2 water moccasin skeletons
  4 killer bees (D:9)
  4 wights (D:9)
  3 howler monkeys (D:9)
  3 electric eels (D:8)
  5 crimson imps (D:7)
  2 hounds
  4 orc priests
  2 jellies
  3 iguanas (D:5)
  3 orc wizards
  Ijyb (D:3)
  3 killer bee zombies
  2 hound skeletons
  3 adders
  A shadow imp (D:7)
  3 white imps (D:7)
  An adder skeleton (D:4)
  3 worms
  3 dart slugs
  10 orcs
  6 endoplasms
  A giant cockroach (D:2)
  8 goblins
  6 hobgoblins
  4 jackals
  9 kobolds
  8 ball pythons
  4 bats
  7 frilled lizards
  6 rats
186 creatures vanquished.

Vanquished Creatures (collateral kills)
  A yak (D:6)
  A centaur skeleton (D:6)
  A kobold (D:6)
3 creatures vanquished.

Vanquished Creatures (others)
  A kobold brigand (D:6)
  6 plants
  4 withered plants (Gauntlet)
11 creatures vanquished.

Grand Total: 200 creatures vanquished

Notes
Turn   | Place    | Note
-------+----------+-------------------------------------------
     0 | D:1      | DearestLeader the Gnoll Fighter began the quest for the
                  | Orb.
     0 | D:1      | Reached XP level 1. HP: 23/23 MP: 1/1
   217 | D:1      | Reached XP level 2. HP: 22/29 MP: 2/2
   443 | D:1      | Found a faded altar of an unknown god.
   701 | D:1      | Reached XP level 3. HP: 35/35 MP: 3/3
  1220 | D:2      | Reached skill level 1 in Invocations
  1223 | D:2      | Reached skill level 1 in Short Blades
  1223 | D:2      | Reached skill level 1 in Long Blades
  1223 | D:2      | Reached skill level 1 in Maces & Flails
  1223 | D:2      | Reached skill level 1 in Polearms
  1223 | D:2      | Reached skill level 1 in Staves
  1223 | D:2      | Reached skill level 1 in Slings
  1223 | D:2      | Reached skill level 1 in Bows
  1223 | D:2      | Reached skill level 1 in Crossbows
  1223 | D:2      | Reached skill level 1 in Throwing
  1223 | D:2      | Reached skill level 1 in Dodging
  1223 | D:2      | Reached skill level 1 in Stealth
  1223 | D:2      | Reached skill level 1 in Unarmed Combat
  1223 | D:2      | Reached skill level 1 in Spellcasting
  1223 | D:2      | Reached skill level 1 in Evocations
  1372 | D:2      | Reached XP level 4. HP: 36/41 MP: 5/5
  2240 | D:3      | Reached skill level 1 in Conjurations
  2240 | D:3      | Reached skill level 1 in Hexes
  2240 | D:3      | Reached skill level 1 in Summonings
  2240 | D:3      | Reached skill level 1 in Necromancy
  2240 | D:3      | Reached skill level 1 in Translocations
  2240 | D:3      | Reached skill level 1 in Transmutations
  2240 | D:3      | Reached skill level 1 in Fire Magic
  2240 | D:3      | Reached skill level 1 in Ice Magic
  2240 | D:3      | Reached skill level 1 in Air Magic
  2240 | D:3      | Reached skill level 1 in Earth Magic
  2240 | D:3      | Reached skill level 1 in Poison Magic
  2240 | D:3      | Reached XP level 5. HP: 34/47 MP: 5/7
  2361 | D:3      | Found a shimmering altar of Xom.
  2366 | D:3      | Became a worshipper of Xom of Chaos
  2396 | D:3      | Noticed Ijyb
  2401 | D:3      | XOM: silly message
  2404 | D:3      | Paralysed by Ijyb for 2 turns
  2413 | D:3      | Paralysed by Ijyb for 7 turns
  2418 | D:3      | XOM: potion effect (haste)
  2430 | D:3      | Killed Ijyb
  2858 | D:3      | Noticed Sigmund
  2871 | D:3      | XOM: potion effect (invisibility)
  2873 | D:3      | XOM: silly message
  2877 | D:3      | Killed Sigmund
  2878 | D:3      | Reached skill level 5 in Axes
  2878 | D:3      | Reached XP level 6. HP: 12/53 MP: 7/9
  3274 | D:4      | Noticed Menkaure
  3281 | D:4      | Killed Menkaure
  3282 | D:4      | Reached XP level 7. HP: 29/59 MP: 10/10
  3354 | D:4      | XOM: god gift: club {god gift}
  3497 | D:4      | Noticed Dowan
  3498 | D:4      | Noticed Duvessa
  3509 | D:4      | XOM: summons 2 friendly demons
  3527 | D:4      | XOM: enchant monster (bad)
  3531 | D:4      | Killed Duvessa
  3664 | D:4      | Found the +7 Throatcutter {drain, coup de grace}
  3687 | D:4      | Killed Dowan
  3720 | D:4      | Found a staircase to the Ecumenical Temple.
  4095 | D:4      | Noticed Eustachio
  4100 | D:4      | Killed Eustachio
  4164 | D:5      | Entered Level 5 of the Dungeon
  4198 | D:5      | Reached XP level 8. HP: 25/67 MP: 12/12
  4366 | D:5      | XOM is BORED!
  4366 | D:5      | XOM: 5-stop teleportation journey
  4448 | D:5      | Found a stormy altar of Qazlal.
  4509 | D:5      | Found a radiant altar of Vehumet.
  4512 | D:5      | Found a broken altar of Ashenzari.
  4715 | D:5      | XOM: divination: magic mapping
  5125 | D:5      | XOM: cloud trail
  5272 | D:6      | Found a large runed translucent door.
  5272 | D:6      | Found a large runed translucent door.
  5311 | D:6      | Noticed a yak
  5311 | D:6      | Noticed a yak
  5311 | D:6      | Noticed a yak
  5311 | D:6      | Noticed a yak
  5311 | D:6      | XOM: 1-stop teleportation journey
  5315 | D:6      | XOM: confuse monster(s)
  5325 | D:6      | XOM: confuse monster(s)
  5330 | D:6      | XOM: potion effect (invisibility)
  5363 | D:6      | Noticed Blork the orc
  5373 | D:6      | Killed Blork the orc
  5463 | D:6      | XOM: summons friendly crimson imp
  5464 | D:6      | XOM: swap monsters
  5467 | D:6      | XOM: summons 8 friendly demons
  5471 | D:6      | XOM: enchant monster (good)
  5475 | D:6      | Killed a yak
  5478 | D:6      | Killed a yak
  5479 | D:6      | Reached XP level 9. HP: 32/72 MP: 14/14
  5520 | D:6      | XOM: stat loss: -1 Str (19/20)
  5529 | D:6      | XOM: divine lightning
  5531 | D:6      | Noticed Bruhh's ghost (novice HOFi)
  5757 | D:6      | XOM: god gift: scroll labelled WIDUYQU SOJOAC {god gift}
  5884 | D:6      | XOM: give mutations
  5884 | D:6      | Gained mutation: You have a pair of small horns on your
                  | head. [Xom's grace]
  5884 | D:6      | Gained mutation: You have a pair of horns on your head.
                  | [Xom's grace]
  5884 | D:6      | Gained mutation: You have a pair of large horns on your
                  | head. [Xom's grace]
  5884 | D:6      | Gained mutation: You expend magic power (3 MP) to
                  | strengthen your wands. [Xom's grace]
  5891 | D:6      | Found an ancient bone altar of Kikubaaqudgha.
  5891 | D:6      | Found a basalt altar of Yredelemnul.
  6056 | D:6      | Found a transporter.
  6057 | D:6      | Found a transporter.
  6126 | D:6      | Found a shadowy altar of Dithmenos.
  6126 | D:6      | Found a sparkling altar of Nemelex Xobeh.
  6162 | D:6      | Noticed Edmund
  6171 | D:6      | Killed Edmund
  6351 | D:7      | XOM: divination: detect items
  6362 | D:7      | XOM: summons friendly iron imp
  6844 | D:7      | Found a sacrificial altar of Ru.
  6894 | D:7      | Found a bloodstained altar of Trog.
  7091 | D:7      | XOM: give mutations
  7091 | D:7      | Lost mutation: You have a pair of large horns on your head.
                  | [Xom's mischief]
  7091 | D:7      | Gained mutation: Your flesh is cold resistant. (rC+) [Xom's
                  | mischief]
  7091 | D:7      | Gained mutation: You sometimes lose the ability to read
                  | scrolls when taking damage. [Xom's mischief]
  7145 | D:7      | XOM: blink monster(s)
  7148 | D:7      | Reached skill level 5 in Invocations
  7469 | D:7      | XOM: silly message
  7510 | D:8      | XOM: cast spell 'Call Canine Familiar'
  7511 | D:8      | Reached XP level 10. HP: 62/80 MP: 17/17
  7519 | D:8      | Reached skill level 5 in Short Blades
  7519 | D:8      | Reached skill level 5 in Long Blades
  7519 | D:8      | Reached skill level 5 in Maces & Flails
  7519 | D:8      | Reached skill level 5 in Polearms
  7519 | D:8      | Reached skill level 5 in Staves
  7519 | D:8      | Reached skill level 5 in Slings
  7519 | D:8      | Reached skill level 5 in Bows
  7519 | D:8      | Reached skill level 5 in Crossbows
  7519 | D:8      | Reached skill level 5 in Throwing
  7519 | D:8      | Reached skill level 5 in Dodging
  7519 | D:8      | Reached skill level 5 in Stealth
  7519 | D:8      | Reached skill level 5 in Unarmed Combat
  7519 | D:8      | Reached skill level 5 in Spellcasting
  7519 | D:8      | Reached skill level 5 in Evocations
  7827 | D:8      | Noticed a two-headed ogre
  7833 | D:8      | Killed a two-headed ogre
  8275 | D:8      | XOM: silly message
  8279 | D:8      | Found a staircase to the Lair.
  8408 | D:8      | Found a transporter.
  8449 | D:8      | Found a transporter.
  8454 | D:8      | Noticed Grum
  8465 | D:8      | Killed Grum
  8467 | D:8      | XOM: potion effect (brilliance)
  9169 | D:8      | XOM: silly message
  9232 | D:9      | XOM: potion effect (berserk rage)
  9233 | D:9      | XOM: potion effect (curing)
  9234 | D:9      | XOM: potion effect (heal wounds)
  9323 | D:9      | XOM: silly message
  9640 | D:9      | XOM: silly message
  9648 | D:9      | XOM: silly message
  9773 | D:9      | XOM: silly message
  9786 | D:9      | Reached XP level 11. HP: 87/87 MP: 19/19
 10183 | D:10     | Entered Level 10 of the Dungeon
 10348 | Lair:1   | Entered Level 1 of the Lair of Beasts
 10378 | Lair:1   | XOM: potion effect (haste)
 10389 | Lair:1   | Reached skill level 5 in Conjurations
 10389 | Lair:1   | Reached skill level 5 in Hexes
 10389 | Lair:1   | Reached skill level 5 in Summonings
 10389 | Lair:1   | Reached skill level 5 in Necromancy
 10389 | Lair:1   | Reached skill level 5 in Translocations
 10389 | Lair:1   | Reached skill level 5 in Transmutations
 10389 | Lair:1   | Reached skill level 5 in Fire Magic
 10389 | Lair:1   | Reached skill level 5 in Ice Magic
 10389 | Lair:1   | Reached skill level 5 in Air Magic
 10389 | Lair:1   | Reached skill level 5 in Earth Magic
 10389 | Lair:1   | Reached skill level 5 in Poison Magic
 10427 | Lair:1   | Found a gate leading to a gauntlet.
 10437 | Gauntlet | Entered a Gauntlet
 10437 | Gauntlet | Noticed a necromancer
 10437 | Gauntlet | Found a transporter.
 10437 | Gauntlet | Found a transporter.
 10603 | Gauntlet | Found a transporter.
 10607 | Gauntlet | Found a transporter.
 10617 | Gauntlet | Found a transporter.
 10621 | Gauntlet | Found a transporter.
 10631 | Gauntlet | Found a transporter.
 10631 | Gauntlet | Noticed a blizzard demon
 10669 | Gauntlet | Noticed a dire elephant
 10677 | Gauntlet | Found a transporter.
 10677 | Gauntlet | Found a transporter.
 10723 | Gauntlet | Found a transporter.
 10725 | Gauntlet | Found a transporter.
 10733 | Gauntlet | Found a transporter.
 10734 | Gauntlet | Noticed an orange crystal statue
 10792 | Gauntlet | XOM: silly message
 10799 | Gauntlet | XOM: divination: detect items
 10802 | Gauntlet | XOM: cast spell 'Call Canine Familiar'
 10803 | Gauntlet | XOM: fake destruction
 10813 | Gauntlet | Killed a necromancer
 10986 | Gauntlet | XOM: potion effect (haste)
 10988 | Gauntlet | XOM: divination: detect items
 11006 | Gauntlet | Lost mutation: Your flesh is cold resistant. (rC+) [potion
                  | of mutation]
 11006 | Gauntlet | Lost mutation: You expend magic power (3 MP) to strengthen
                  | your wands. [potion of mutation]
 11006 | Gauntlet | Gained mutation: You are agile. (Dex +2) [potion of
                  | mutation]
 11006 | Gauntlet | Gained mutation: Your movements are slightly less
                  | encumbered by armour. (ER -2) [potion of mutation]
 11006 | Gauntlet | Gained mutation: You are very agile. (Dex +4) [potion of
                  | mutation]
 11024 | Gauntlet | XOM: divination: magic mapping
 11025 | Gauntlet | XOM: divination: magic mapping
 11032 | Gauntlet | Engulfed by a blizzard demon's freezing vapour

Illustrated notes

Levels and vault maps discovered:
D:1:      matt_arrival_refuge, layout_basic, hellmonk_ecumenical_altar_zigzags
D:2:      layout_loops_ring, minmay_indecisive_spiral
D:3:      layout_basic, mainiacjoe_overflow_six_doors_small,
          serial_bayou_ford_a, glass_columns_b, uniq_sigmund, uniq_ijyb
D:4:      cheibrodos_quashed, layout_basic, temple_doors_e, uniq_menkaure,
          uniq_eustachio, uniq_duvessa
D:5:      minmay_octagon_keep, layout_gridville,
          gammafunk_temple_overflow_forgotten
D:6:      layout_cave_pools, gammafunk_temple_of_torment,
          gammafunk_temple_overflow_pools, ebering_ghost_disaster_area,
          uniq_edmund, uniq_blork_the_orc
D:7:      layout_basic, mainiacjoe_overflow_cross_hatched,
          amcnicky_altar_gilded, minmay_nine_imps
D:8:      gammafunk_steamed_eel, layout_loops_ring, erik_lair_dragon, uniq_grum
D:9:      layout_basic
D:10:     layout_basic, nicolae_uskayaw_dance_studio, minmay_holes,
          abandoned_shop, nicolae_inconvenience_store
Lair:1:   cheibrodos_lair_river_kwai, layout_small_grid, gauntlet_entry_generic,
          serial_bayou_shore_a
Gauntlet: gammafunk_gauntlet_hard_choice [gammafunk_gauntlet_arena_grid,
          nicolae_gauntlet_arena_x, gammafunk_gauntlet_arena_split_x,
          gammafunk_gauntlet_arena_mazey, gammafunk_gauntlet_arena_corners,
          gammafunk_gauntlet_arena_split_diamond, gauntlet_exit_hidden_loot]

Skill      XL: |  1  2  3  4  5  6  7  8  9 10 11 |
---------------+----------------------------------+-----
Invocations    | 1 2 3 4 5 6 |  6.9
Short Blades   | 1 2 3 4 5 6 |  6.2
Long Blades    | 1 2 3 4 5 6 |  6.2
Maces & Flails | 1 2 3 4 5 6 |  6.2
Polearms       | 1 2 3 4 5 6 |  6.2
Staves         | 1 2 3 4 5 6 |  6.2
Slings         | 1 2 3 4 5 6 |  6.2
Bows           | 1 2 3 4 5 6 |  6.2
Crossbows      | 1 2 3 4 5 6 |  6.2
Throwing       | 1 2 3 4 5 6 |  6.2
Dodging        | 1 2 3 4 5 6 |  6.2
Stealth        | 1 2 3 4 5 6 |  6.2
Unarmed Combat | 1 2 3 4 5 6 |  6.2
Spellcasting   | 1 2 3 4 5 6 |  6.2
Evocations     | 1 2 3 4 5 6 |  6.2
Conjurations   | 1 2 3 4 5 |  5.2
Hexes          | 1 2 3 4 5 |  5.2
Summonings     | 1 2 3 4 5 |  5.2
Necromancy     | 1 2 3 4 5 |  5.2
Translocations | 1 2 3 4 5 |  5.2
Transmutations | 1 2 3 4 5 |  5.2
Fire Magic     | 1 2 3 4 5 |  5.2
Ice Magic      | 1 2 3 4 5 |  5.2
Air Magic      | 1 2 3 4 5 |  5.2
Earth Magic    | 1 2 3 4 5 |  5.2
Poison Magic   | 1 2 3 4 5 |  5.2
Axes           | 5 6 7 |  7.8
Fighting       | 7 8 9 |  9.1
Armour         | 7 8 9 |  9.1
Shields        | 7 8 9 |  9.1

Action                   |  1- 3 |  4- 6 |  7- 9 | 10-12 || total
-------------------------+-------+-------+-------+-------++-------
Melee: War axe           |    96 |    20 |       |       ||   116
       Bite              |     9 |    10 |    13 |    17 ||    49
       Falchion          |       |    93 |    10 |       ||   103
       Long sword        |       |       |   144 |   159 ||   303
       Headbutt          |       |       |    11 |    17 ||    28
Evoke: Wand              |       |       |       |     8 ||     8
  Use: Potion            |       |     2 |     3 |     2 ||     7
       Scroll            |       |       |     8 |     6 ||    14
 Stab: Invisible         |       |     1 |     2 |       ||     3
       Petrified         |       |       |     2 |       ||     2
       Sleeping          |       |       |     1 |     2 ||     3
Armor: Scale mail        |    37 |    37 |     4 |       ||    78
       Leather armour    |       |       |    20 |    39 ||    59
       Skin              |       |       |     5 |       ||     5
Dodge: Dodged            |    32 |    49 |    98 |    93 ||   272
Block: Buckler           |    13 |    28 |    41 |    44 ||   126
